 Dungeon Crawl Stone Soup version 0.30-a0-234-g97d66968fd (webtiles) character file.

Game seed: 16934540579474369448

79 910rd the Chopper (level 4, -1/28 HPs)
             Began as a Gargoyle Fighter on Oct 10, 2022.
             Slain by a gnoll
             ... wielding a +0 halberd
              (7 damage)
             ... on level 3 of the Dungeon.
             The game lasted 00:05:04 (1860 turns).

910rd the Chopper (Gargoyle Fighter)                Turns: 1860, Time: 00:05:05

Health: -1/28      AC: 14    Str: 25    XL:     4   Next: 37%
Magic:  4/4        EV:  7    Int:  9    God:
Gold:   143        SH:  4    Dex:  9    Spells: 3/3 levels left

rFire   + . .      SeeInvis .    a - +0 war axe
rCold   . . .      Faith    .    c - +0 buckler
rNeg    + + .      Spirit   .    w - +2 chain mail of Dyin {-Cast Fly rF+ Str+4}
rPois   ∞          Reflect  .    (helmet restricted)
rElec   +          Harm     .    (no cloak)
rCorr   .          Rampage  .    (no gloves)
Will    .....      Rage     3%   (no boots)
Stlth   .......... NoCast   +    (no amulet)
HPRegen 0.24/turn                m - ring of wizardry
MPRegen 0.09/turn                p - ring of positive energy

@: flying
A: sickness immunity, AC +3, negative energy resistance 1, electricity
resistance, torment resistance 1, petrification resistance, horns 1, berserk 1,
MP-powered wands, devolution 1
a: no special abilities


You were on level 3 of the Dungeon.
You visited 1 branch of the dungeon, and saw 3 of its levels.

You collected 143 gold pieces.

Inventory:

Hand Weapons
 a - a +0 war axe (weapon)
 f - a +0 mace of protection
 j - a +0 whip of electrocution
Missiles
 t - 2 silver javelins (quivered)
 x - a throwing net
Armour
 b - a +0 scale mail
 c - a +0 buckler (worn)
 i - a +2 leather armour of cold resistance
 w - the +2 chain mail of Dyin (worn) {-Cast Fly rF+ Str+4}
   (You found it on level 3 of the Dungeon)

   Str:       It affects your strength (+4).
   rF:        It protects you from fire.
   Fly:       It grants you flight.
   -Cast:     It prevents spellcasting.
Jewellery
 m - a ring of wizardry (left hand)
 p - a ring of positive energy (right hand)
Scrolls
 g - 2 scrolls of noise {unknown}
 h - 5 scrolls of identify {unknown}
 s - a scroll of teleportation {unknown}
 u - a scroll of torment {unknown}
Potions
 d - a potion of might
 k - a potion of haste {unknown}
 l - 3 potions of mutation
 n - a potion of attraction {unknown}
 o - a potion of berserk rage {unknown}
 q - a potion of cancellation {unknown}
 r - a potion of lignification {unknown}
 v - a potion of flight


   Skills:
 - Level 3.2 Fighting
 + Level 4.1 Axes
 - Level 3.2 Armour
 - Level 3.2 Shields


You had 3 spell levels left.
You didn't know any spells.
Your spell library contained the following spells:

 Spells                   Type           Power      Damage    Failure   Level
 Wereblood                Tmut           0%         N/A       89%         2
 Summon Hydra             Summ           0%         N/A       100%        7
 Sublimation of Blood     Necr           Unusable   N/A       N/A         2

Dungeon Overview and Level Annotations

Branches:
Dungeon (3/15) Zot: 16092

Altars:


Innate Abilities, Weirdness & Mutations

You are immune to sickness and miasma.
Your stone body is resilient. (AC +3)
You are immune to poison.
You resist negative energy. (rN+)
You are resistant to electric shocks. (rElec)
You are resistant to unholy torment.
You are immune to petrification.
You have a pair of small horns on your head.
You sometimes lose your temper in combat.
You expend magic power (3 MP) to strengthen your wands.
You have hidden genetic defects.


Message History

You block the gnoll's attack. x2
You barely miss the gnoll. You headbutt the gnoll.
You kill the gnoll!
You block the gnoll's attack.
A gnoll comes into view. It is wielding a +0 halberd.
The gnoll hits you but does no damage.
The gnoll moves out of view.
The gnoll hits you but does no damage.
You feel a genetic drift.
You feel a little pissed off.
An endoplasm comes into view.
The endoplasm quivers.
The endoplasm freezes you.
You are frozen.
* * * LOW HITPOINT WARNING * * *
You take 5 damage, and have 5/28 hp.
You hit the endoplasm. You headbutt the endoplasm.
You kill the endoplasm!
It was a potion of curing.
You feel better.
You regained 10 hp, and now have 18/28 hp.
The gnoll barely misses you.
You closely miss the gnoll.
The gnoll hits you from afar with a +0 halberd!
* * * LOW HITPOINT WARNING * * *
The gnoll barely misses you.
You take 11 damage, and have 7/28 hp.
MASSIVE DAMAGE!!
You slash the gnoll! Your headbutt misses the gnoll.
The gnoll is severely wounded.
You block the gnoll's attack. The gnoll barely misses you.
You block the gnoll's attack. The gnoll hits you with a +0 spear.
* * * LOW HITPOINT WARNING * * *
You take 1 damage, and have 6/28 hp.
The gnoll closely misses you. The gnoll barely misses you.
You closely miss the gnoll. You slash the gnoll!
You kill the gnoll!
The gnoll hits you but does no damage.
Your Axes skill increases to level 4!
You hit the gnoll.
The gnoll is moderately wounded.
The gnoll hits you with a +0 halberd!
You die...

.#########.....##...........#
.#########.######.##.#.######
..#........†# #....#.#
............# ######.#
.#..........### #<#
.##.........+.. ### ###
.##.........##. #.#
.##.........##.##.#
######..........@)#
.........#####..g.#
.........'...#..#####
.........##.........#
...###'####.####.g#.# ...#
#.##...#.......# ...#
#.##.###.###.g##
..)###.##.#.. ##..#
.......##.#.#######.#####


You could see a gnoll.

Vanquished Creatures
  3 gnolls (D:3)
  An adder (D:2)
  2 dart slugs
  5 bats
  6 endoplasms
  A giant cockroach (D:2)
  3 goblins
  A hobgoblin (D:2)
  A jackal (D:2)
  2 quokkas (D:2)
  A ball python (D:1)
  5 frilled lizards
  2 kobolds (D:1)
  5 rats
38 creatures vanquished.

Notes
Turn   | Place    | Note
-------+----------+-------------------------------------------
     0 | D:1      | 910rd the Gargoyle Fighter began the quest for the Orb.
     0 | D:1      | Reached XP level 1. HP: 14/14 MP: 1/1
    50 | D:1      | Reached skill level 2 in Axes
   108 | D:1      | Found a faded altar of an unknown god.
   185 | D:1      | Reached XP level 2. HP: 19/19 MP: 2/2
   843 | D:2      | Reached skill level 3 in Axes
   843 | D:2      | Reached XP level 3. HP: 20/23 MP: 3/3
  1731 | D:3      | Identified the +2 chain mail of Dyin {-Cast Fly rF+ Str+4}
  1813 | D:3      | Gained mutation: You have a pair of small horns on your
                  | head. [potion of mutation]
  1813 | D:3      | Gained mutation: You have hidden genetic defects. [potion
                  | of mutation]
  1813 | D:3      | Gained mutation: You expend magic power (3 MP) to
                  | strengthen your wands. [potion of mutation]
  1821 | D:3      | Reached XP level 4. HP: 5/28 MP: 4/4
  1838 | D:3      | Gained mutation: You sometimes lose your temper in combat.
                  | [hidden defects]
  1860 | D:3      | Reached skill level 4 in Axes
  1860 | D:3      | Slain by a gnoll

Illustrated notes

Levels and vault maps discovered:
D:1:      zaba_arrival_water, layout_basic,
          hellmonk_ecumenical_altar_pennies_from_heaven, minivault_25
D:2:      kennysheep_big_flooded_room, layout_basic
D:3:      layout_basic, chei_slow_surprise

Skill      XL: |  1  2  3  4 |
---------------+-------------+-----
Axes           | 2 3 4 |  4.1
Fighting       | |  3.2
Armour         | |  3.2
Shields        | |  3.2

Action                   |  1- 3 |  4- 6 || total
-------------------------+-------+-------++-------
Melee: War axe           |    89 |     6 ||    95
       Headbutt          |     2 |     2 ||     4
  Use: Potion            |     1 |     2 ||     3
Armor: Scale mail        |    48 |       ||    48
       Chain mail        |     4 |     3 ||     7
Dodge: Dodged            |    47 |     5 ||    52
Block: Buckler           |    23 |     5 ||    28

Table legend: (Time is in decaauts)
 A = Elapsed time spent in this place.
 B = Non-inter-level travel time spent in this place.
 C = Inter-level travel time spent in this place.
 D = Time resting spent in this place.
 E = Time spent auto-exploring this place.
 F = Levels seen in this place.
 G = Mean time per level.
                   A        B        C        D        E       F      G
               +--------+--------+--------+--------+--------+-----+--------+
         Total |   1906 |   1855 |     51 |      0 |   1515 |   3 |  635.3 |
       Dungeon |   1906 |   1855 |     51 |      0 |   1515 |   3 |  635.3 |
               +--------+--------+--------+--------+--------+-----+--------+

Top non-repeatable levels by time:
     D:1: 850 daAuts
     D:2: 714 daAuts
     D:3: 341 daAuts
